| TOP OF THE 1ST |
|
San Jose Giants batting - Pitching for Altoona Curve : LHP Mario Flores
|
|
Pitching: LHP Mario Flores
|
|
|
Batting: SHB David Barona
|
0-0: Called Strike 0-1: Ground out 5-3 (Groundball, 5, EV 81.2 MPH)
|
|
Batting: RHB Bill Defazio
|
0-0: Called Strike 0-1: Ball 1-1: Foul Ball, location: 2F 1-2: Ball 2-2: Ground out U3 (Groundball, 3, EV 83.1 MPH)
|
|
Batting: RHB Yutaka Oki
|
0-0: Foul Ball, location: 2F 0-1: Ball 1-1: Called Strike 1-2: Foul Ball, location: 2F 1-2: Foul Ball, location: 2F 1-2: Fly out, F9 (Flyball, 89M, EV 93.1 MPH)
|
| Top of the 1st over - 0 runs, 0 hits, 0 errors, 0 left on base; San Jose 0 - Altoona 0 |
| BOTTOM OF THE 1ST |
|
Altoona Curve batting - Pitching for San Jose Giants : RHP George Kellum
|
|
Pitching: RHP George Kellum
|
|
|
Batting: RHB Nelson Ozuna
|
0-0: Ball 1-0: Ground out 5-3 (Groundball, 5, EV 101.2 MPH)
|
|
Batting: RHB Chris Pozzi
|
0-0: Ball 1-0: Foul Ball, location: 2F 1-1: Foul Ball, location: 2F 1-2: Fly out, F9 (Flyball, 9D, EV 101.2 MPH)
|
|
Batting: RHB Jose Almonte
|
0-0: Ball 1-0: Ball 2-0: Called Strike 2-1: Ball 3-1: Base on Balls
|
|
Batting: RHB Ron Corn
|
0-0: Fly out, F8 (Flyball, 8RD, EV 98.1 MPH)
|
| Bottom of the 1st over - 0 runs, 0 hits, 0 errors, 1 left on base; San Jose 0 - Altoona 0 |
| TOP OF THE 2ND |
|
San Jose Giants batting - Pitching for Altoona Curve : LHP Mario Flores
|
|
Batting: LHB Tony Galvan
|
0-0: Ground out 4-3 (Groundball, 4, EV 105.0 MPH)
|
|
Batting: RHB Adam Solesbee
|
0-0: Called Strike 0-1: Ball 1-1: Swinging Strike 1-2: Ball 2-2: Strikes out swinging
|
|
Batting: LHB Jared Paige
|
0-0: Called Strike 0-1: Swinging Strike 0-2: Ball 1-2: Ball 2-2: Ball 3-2: Base on Balls
|
|
Batting: RHB Micah McErlean
|
0-0: Called Strike 0-1: Foul Ball, location: 2F 0-2: Strikes out looking
|
| Top of the 2nd over - 0 runs, 0 hits, 0 errors, 1 left on base; San Jose 0 - Altoona 0 |
| BOTTOM OF THE 2ND |
|
Altoona Curve batting - Pitching for San Jose Giants : RHP George Kellum
|
|
Batting: RHB John Goynes
|
0-0: Ball 1-0: Foul Ball, location: 2F 1-1: Called Strike 1-2: Ball 2-2: SINGLE (Groundball, 6MD, EV 94.4 MPH)
|
|
Batting: LHB Jesse Henly
|
0-0: Called Strike 0-1: Ball 1-1: Called Strike 1-2: Ball 2-2: Strikes out swinging
|
|
Batting: RHB Brian Moore
|
0-0: Called Strike 0-1: Ball 1-1: Fielders Choice at 2nd, 3-6 (Groundball, 34S, EV 81.9 MPH)
|
|
Batting: LHB Aito Harada
|
0-0: Called Strike 0-1: Swinging Strike 0-2: Ball 1-2: Ball 2-2: Ball Wild Pitch! Brian Moore to second 3-2: Strikes out swinging
|
| Bottom of the 2nd over - 0 runs, 1 hit, 0 errors, 1 left on base; San Jose 0 - Altoona 0 |
| TOP OF THE 3RD |
|
San Jose Giants batting - Pitching for Altoona Curve : LHP Mario Flores
|
|
Batting: RHB Devin Lowery
|
0-0: Ball 1-0: Ball 2-0: Called Strike 2-1: Foul Ball, location: 2F 2-2: Ball 3-2: Fly out, F3 (Line Drive, 34, EV 78.1 MPH)
|
|
Batting: RHB Mike Jones
|
0-0: Fly out, F7 (Flyball, 78S, EV 93.1 MPH)
|
|
Batting: SHB David Barona
|
0-0: Ball 1-0: Called Strike 1-1: Swinging Strike 1-2: Ball 2-2: Ground out 5-3 (Groundball, 5S, EV 75.0 MPH)
|
| Top of the 3rd over - 0 runs, 0 hits, 0 errors, 0 left on base; San Jose 0 - Altoona 0 |
| BOTTOM OF THE 3RD |
|
Altoona Curve batting - Pitching for San Jose Giants : RHP George Kellum
|
|
Batting: RHB Pleun Smit
|
0-0: Ball 1-0: Foul Ball, location: 2F 1-1: SINGLE (Groundball, 6D, EV 101.2 MPH)
|
|
Batting: RHB Nelson Ozuna
|
0-0: Called Strike 0-1: Ball 1-1: Ball 2-1: Swinging Strike 2-2: Strikes out swinging
|
|
Batting: RHB Chris Pozzi
|
0-0: Ball Passed Ball! Pleun Smit to second 1-0: Swinging Strike 1-1: Ball 2-1: Ball 3-1: Foul Ball, location: 2F 3-2: Foul Ball, location: 2F 3-2: Base on Balls
|
|
Batting: RHB Jose Almonte
|
0-0: Ball 1-0: Called Strike 1-1: Ball 2-1: Called Strike Pleun Smit steals 3rd base Chris Pozzi to second 2-2: Ball 3-2: Fly out, F8 (Flyball, 8RM, EV 83.8 MPH) Runner from 3rd tags up, SCORES, throw by CF
|
|
Batting: RHB Ron Corn
|
0-0: Ball 1-0: Ball 2-0: Ball 3-0: Base on Balls
|
|
Batting: RHB John Goynes
|
0-0: Called Strike 0-1: Ground out 5-3 (Groundball, 56S, EV 63.8 MPH)
|
| Bottom of the 3rd over - 1 run, 1 hit, 0 errors, 2 left on base; San Jose 0 - Altoona 1 |
| TOP OF THE 4TH |
|
San Jose Giants batting - Pitching for Altoona Curve : LHP Mario Flores
|
|
Batting: RHB Bill Defazio
|
0-0: Ground out 4-3 (Groundball, 4, EV 105.0 MPH)
|
|
Batting: RHB Yutaka Oki
|
0-0: Ball 1-0: DOUBLE (Line Drive, 89D, EV 112.5 MPH)
|
|
Batting: LHB Tony Galvan
|
0-0: Called Strike 0-1: Ball 1-1: Ball 2-1: Swinging Strike 2-2: Fly out, F7 (Flyball, 7, EV 84.4 MPH)
|
|
Batting: RHB Adam Solesbee
|
0-0: Called Strike 0-1: Ball 1-1: Ball 2-1: SINGLE (Groundball, 6D, EV 108.1 MPH) Yutaka Oki to third Runner from 3rd tries for Home, SAFE, throw by CF to home
|
|
Batting: LHB Jared Paige
|
0-0: Called Strike 0-1: Ball 1-1: Fielders Choice at 2nd, 5-4 (Groundball, 5, EV 107.5 MPH)
|
| Top of the 4th over - 1 run, 2 hits, 0 errors, 1 left on base; San Jose 1 - Altoona 1 |
| BOTTOM OF THE 4TH |
|
Altoona Curve batting - Pitching for San Jose Giants : RHP George Kellum
|
|
Batting: LHB Jesse Henly
|
0-0: Called Strike 0-1: Foul Ball, location: 2F 0-2: Ball 1-2: Ball 2-2: SINGLE (Groundball, 3D, EV 100.6 MPH)
|
|
Batting: RHB Brian Moore
|
0-0: Ball 1-0: Ball 2-0: Swinging Strike 2-1: Swinging Strike 2-2: Strikes out swinging Jesse Henly is caught stealing 2nd base 2-4 Batter strikes out.
|
|
Batting: LHB Aito Harada
|
0-0: Ball 1-0: Called Strike 1-1: Swinging Strike 1-2: Foul Ball, location: 2F 1-2: Strikes out swinging
|
| Bottom of the 4th over - 0 runs, 1 hit, 0 errors, 0 left on base; San Jose 1 - Altoona 1 |
| TOP OF THE 5TH |
|
San Jose Giants batting - Pitching for Altoona Curve : LHP Mario Flores
|
|
Batting: RHB Micah McErlean
|
0-0: Ball 1-0: Foul Ball, location: 2F 1-1: Called Strike 1-2: Ground out 5-3 (Groundball, 5, EV 93.1 MPH)
|
|
Batting: RHB Devin Lowery
|
0-0: Ball 1-0: Foul Ball, location: 2F 1-1: Foul Ball, location: 2F 1-2: Ball 2-2: Foul Ball, location: 2F 2-2: Ground out 6-3 (Groundball, 6, EV 78.1 MPH)
|
|
Batting: RHB Mike Jones
|
0-0: Called Strike 0-1: DOUBLE (Line Drive, 78M, EV 110.6 MPH)
|
|
Batting: SHB David Barona
|
0-0: Foul Ball, location: 2F 0-1: Ball 1-1: Called Strike 1-2: Ball 2-2: Strikes out looking
|
| Top of the 5th over - 0 runs, 1 hit, 0 errors, 1 left on base; San Jose 1 - Altoona 1 |
| BOTTOM OF THE 5TH |
|
Altoona Curve batting - Pitching for San Jose Giants : RHP George Kellum
|
|
Batting: RHB Pleun Smit
|
0-0: Ball 1-0: Fly out, F8 (Flyball, 8RXD, EV 108.8 MPH)
|
|
Batting: RHB Nelson Ozuna
|
0-0: Ball 1-0: Ball 2-0: Ball 3-0: Base on Balls
|
|
Batting: RHB Chris Pozzi
|
0-0: Ball 1-0: Called Strike 1-1: Ball 2-1: Ball 3-1: Foul Ball, location: 2F 3-2: Foul Ball, location: 2F 3-2: SINGLE (Groundball, 4M, EV 90.0 MPH) (infield hit) Nelson Ozuna to second
|
|
Batting: RHB Jose Almonte
|
0-0: Ball 1-0: Ball 2-0: Ball 3-0: Base on Balls Nelson Ozuna to third Chris Pozzi to second
|
|
Pitching: RHP Israel Alvarado
|
|
|
Batting: RHB Ron Corn
|
0-0: Swinging Strike 0-1: Fly out, F7 (Flyball, 7D, EV 81.9 MPH) Runner from 3rd tags up, SCORES, no throw by LF
|
|
Batting: RHB John Goynes
|
0-0: Ball 1-0: Called Strike 1-1: DOUBLE (Line Drive, 7LS, EV 93.1 MPH) Chris Pozzi scores Jose Almonte to third Runner from 3rd tries for Home, SAFE, no throw by LF
|
|
Batting: LHB Jesse Henly
|
0-0: Intentional Walk
|
|
Batting: RHB Brian Moore
|
0-0: Hit by Pitch John Goynes to third Jesse Henly to second
|
|
Pinch Runner at 1st Jerry Massey:
|
|
|
Batting: LHB Aito Harada
|
0-0: Called Strike 0-1: Called Strike 0-2: Ball 1-2: Foul Ball, location: 2F 1-2: Strikes out swinging
|
| Bottom of the 5th over - 3 runs, 2 hits, 0 errors, 3 left on base; San Jose 1 - Altoona 4 |
| TOP OF THE 6TH |
|
San Jose Giants batting - Pitching for Altoona Curve : LHP Mario Flores
|
|
Now at 3B: Jerry Massey
|
|
|
Batting: RHB Bill Defazio
|
0-0: Ball 1-0: Ball 2-0: Fly out, F9 (Flyball, 9LSF, EV 84.4 MPH)
|
|
Batting: RHB Yutaka Oki
|
0-0: Swinging Strike 0-1: Ground out 6-3 (Groundball, 6, EV 104.4 MPH)
|
|
Batting: LHB Tony Galvan
|
0-0: Foul Ball, location: 2F 0-1: Ball 1-1: Ball 2-1: Swinging Strike 2-2: Strikes out looking
|
| Top of the 6th over - 0 runs, 0 hits, 0 errors, 0 left on base; San Jose 1 - Altoona 4 |
| BOTTOM OF THE 6TH |
|
Altoona Curve batting - Pitching for San Jose Giants : RHP Israel Alvarado
|
|
Batting: RHB Pleun Smit
|
0-0: Ball 1-0: Called Strike 1-1: Ball 2-1: Foul Ball, location: 2F 2-2: Foul Ball, location: 2F 2-2: Ball 3-2: Base on Balls
|
|
Batting: RHB Nelson Ozuna
|
0-0: Swinging Strike 0-1: Ball 1-1: Fly out, F4 (Line Drive, 6MD, EV 68.8 MPH)
|
|
Batting: RHB Chris Pozzi
|
0-0: Ball 1-0: Ball 2-0: Called Strike 2-1: Grounds into double play, 4-6-3 (Groundball, 4M, EV 86.9 MPH)
|
| Bottom of the 6th over - 0 runs, 0 hits, 0 errors, 0 left on base; San Jose 1 - Altoona 4 |
| TOP OF THE 7TH |
|
San Jose Giants batting - Pitching for Altoona Curve : LHP Mario Flores
|
|
Batting: RHB Adam Solesbee
|
0-0: Called Strike 0-1: Fly out, F9 (Flyball, 89S, EV 85.6 MPH)
|
|
Batting: LHB Jared Paige
|
0-0: Ball 1-0: Foul Ball, location: 2F 1-1: Called Strike 1-2: Foul Ball, location: 2F 1-2: Ball 2-2: Ball 3-2: Base on Balls
|
|
Batting: RHB Micah McErlean
|
0-0: Ball 1-0: Ball 2-0: Ground out 4-3 (Groundball, 34, EV 96.9 MPH) Jared Paige to second
|
|
Batting: RHB Devin Lowery
|
0-0: Reached on error, E5 (Groundball, 5L, EV 86.2 MPH) Jared Paige to third
|
|
Batting: RHB Mike Jones
|
0-0: Foul Ball, location: 2F 0-1: Ball 1-1: Ball 2-1: Called Strike 2-2: Ball 3-2: Strikes out swinging
|
| Top of the 7th over - 0 runs, 0 hits, 1 error, 2 left on base; San Jose 1 - Altoona 4 |
| BOTTOM OF THE 7TH |
|
Altoona Curve batting - Pitching for San Jose Giants : RHP Israel Alvarado
|
|
Batting: RHB Jose Almonte
|
0-0: Foul Ball, location: 2F 0-1: SINGLE (Line Drive, 4MD, EV 94.4 MPH)
|
|
Pitching: RHP Rich Benoit
|
|
|
Batting: RHB Ron Corn
|
0-0: Foul Ball, location: 2F 0-1: SINGLE (Line Drive, 56D, EV 97.5 MPH) Jose Almonte to second
|
|
Batting: RHB John Goynes
|
0-0: Foul Ball, location: 2F 0-1: Swinging Strike 0-2: Ball 1-2: SINGLE (Line Drive, 4MD, EV 99.4 MPH) Jose Almonte to third Ron Corn to second Runner from 3rd tries for Home, SAFE, throw by CF to home
|
|
Batting: LHB Jesse Henly
|
0-0: Sac Bunt to 2R - play at first, batter OUT! 2-3 Ron Corn to third John Goynes to second
|
|
Batting: SHB Jerry Massey
|
0-0: Called Strike 0-1: Fly out, F9 (Line Drive, 8RM, EV 90.6 MPH) Runner from 3rd tags up, SCORES, no throw by RF
|
|
Batting: LHB Aito Harada
|
0-0: Foul Ball, location: 2F 0-1: Ground out U3 (Groundball, 34S, EV 88.8 MPH)
|
| Bottom of the 7th over - 2 runs, 3 hits, 0 errors, 1 left on base; San Jose 1 - Altoona 6 |
| TOP OF THE 8TH |
|
San Jose Giants batting - Pitching for Altoona Curve : LHP Mario Flores
|
|
Pitching: RHP Tim Shaffer
|
|
|
Batting: SHB David Barona
|
0-0: Ball 1-0: Foul Ball, location: 2F 1-1: Ball 2-1: Ball 3-1: Foul Ball, location: 2F 3-2: Ground out 3-1 (Groundball, 13, EV 81.2 MPH)
|
|
Batting: RHB Bill Defazio
|
0-0: Ball 1-0: Ball 2-0: Ball 3-0: Called Strike 3-1: Ground out 6-3 (Groundball, 6, EV 105.0 MPH)
|
|
Batting: RHB Yutaka Oki
|
0-0: Ball 1-0: Called Strike 1-1: Ball 2-1: Ball 3-1: Foul Ball, location: 2F 3-2: Strikes out swinging
|
| Top of the 8th over - 0 runs, 0 hits, 0 errors, 0 left on base; San Jose 1 - Altoona 6 |
| BOTTOM OF THE 8TH |
|
Altoona Curve batting - Pitching for San Jose Giants : RHP Rich Benoit
|
|
Batting: RHB Pleun Smit
|
0-0: Called Strike 0-1: Fly out, F5 (Line Drive, 5L, EV 68.1 MPH)
|
|
Batting: RHB Nelson Ozuna
|
0-0: Swinging Strike 0-1: Ground out U3 (Groundball, 34, EV 85.0 MPH)
|
|
Batting: RHB Chris Pozzi
|
0-0: Swinging Strike 0-1: Swinging Strike 0-2: Ball 1-2: Ball 2-2: Strikes out swinging
|
| Bottom of the 8th over - 0 runs, 0 hits, 0 errors, 0 left on base; San Jose 1 - Altoona 6 |
| TOP OF THE 9TH |
|
San Jose Giants batting - Pitching for Altoona Curve : RHP Tim Shaffer
|
|
Batting: LHB Tony Galvan
|
0-0: Called Strike 0-1: Called Strike 0-2: Strikes out looking
|
|
Batting: RHB Adam Solesbee
|
0-0: Called Strike 0-1: Called Strike 0-2: Strikes out looking
|
|
Batting: LHB Jared Paige
|
0-0: Fly out, F2 (Popup, 2LF, EV 93.8 MPH)
|
| Top of the 9th over - 0 runs, 0 hits, 0 errors, 0 left on base; San Jose 1 - Altoona 6 |
|